 Dungeon Sprint DCSS version 0.21-a0-400-g417d9d2 (webtiles) character file.

107 Amnesiac the Digger (level 4, -15/30 HPs)
             Began as a Demonspawn Earth Elementalist on Oct 20, 2017.
             Was an Initiate of Dithmenos.
             Demolished by a yak (16 damage)
             ... in the Dungeon (Sprint I: "Red Sonja").
             The game lasted 00:01:00 (209 turns).

Amnesiac the Digger (Demonspawn Earth Elementalist)  Turns: 209, Time: 00:01:01

Health: -15/30     AC:  4    Str:  8    XL:     4   Next: 56%
Magic:  1/10       EV: 12    Int: 16    God:    Dithmenos [......]
Gold:   54         SH:  0    Dex: 15    Spells: 5/12 levels left

rFire    . . .     SeeInvis .   (no weapon)
rCold    . . .     Gourm    .   (no shield)
rNeg     . . .     Faith    .   c - +0 robe
rPois    .         Spirit   .   (no helmet)
rElec    .         Reflect  .   (no cloak)
rCorr    .         Harm     .   (no gloves)
MR       .....     NoTele   +   (no boots)
Stlth    +++.......             (no amulet)
HPRegen  0.10/turn              (no ring)
MPRegen  0.12/turn              (no ring)

@: hasted, very quick
A: slimy green scales 1, rot immunity
a: Renounce Religion


You were in the Dungeon.
You worshipped Dithmenos.
Dithmenos was noncommittal.
You were not hungry.

You visited 1 branch You collected 54 gold pieces.

Inventory:

Missiles
 b - 17 stones (quivered)
Armour
 c - a +0 robe (worn)
Scrolls
 j - a scroll of blinking {!r}
Potions
 a - a potion of cancellation {!q, unknown}
 h - 2 potions of magic {!q}
Books
 k - a book of Geomancy

   Spells                             Type                      Level
   a - Sandblast                      Earth                        1
   b - Passwall                       Transmutation/Earth          2
   c - Stone Arrow                    Conjuration/Earth            3
   d - Petrify                        Transmutation/Earth          4
   e - Lee's Rapid Deconstruction     Earth                        5
Comestibles
 d - a bread ration


   Skills:
 - Level 1.7 Dodging
 + Level 4.8 Stealth
 + Level 4.5 Spellcasting
 - Level 0.8 Transmutations
 * Level 6.5 Earth Magic


You had 5 spell levels left.
You knew the following spells:

 Your Spells              Type           Power        Failure   Level  Hunger
a - Sandblast             Erth           ###...       1%          1    None
b - Passwall              Tmut/Erth      ###.......   5%          2    ##.....
e - Petrify               Tmut/Erth      ###.....     34%         4    ####...


Dungeon Overview and Level Annotations

Branches:
Dungeon (1/1)

Altars:
Cheibriados
Dithmenos
Elyvilon
Fedhas
Gozag
Hepliaklqana
Kikubaaqudgha
Nemelex Xobeh
Okawaru
Qazlal
Ru
Trog
Uskayaw
Yredelemnul
Zin
The Shining One

Shops:
D :


Innate Abilities, Weirdness & Mutations

You are partially covered in slimy green scales. (AC +2)
You are immune to rotting.


Message History

b - 22 stones The yak gores you!!
Ouch! That really hurt!
* * * LOW HITPOINT WARNING * * *
Casting: Sandblast
Confirm with . or Enter, or press ? or * to list all spells.
Aiming: Sandblast
Press: ? - help, Shift-Dir - straight line, f/p - yak
Aim: a yak (heavily wounded)
The blast of sand hits the yak.
The yak is heavily wounded.
b - 21 stones The yak gores you.
* * * LOW HITPOINT WARNING * * *
Really quaff
f - a potion of heal wounds {!q}?
You feel much better. The yak gores you but does no damage.
Casting: Sandblast
Confirm with . or Enter, or press ? or * to list all spells.
Aiming: Sandblast
Press: ? - help, Shift-Dir - straight line, f/p - yak
Aim: a yak (heavily wounded)
The blast of sand hits the yak.
The yak is heavily wounded.
b - 20 stones The yak completely misses you.
Casting: Sandblast
Confirm with . or Enter, or press ? or * to list all spells.
Aiming: Sandblast
Press: ? - help, Shift-Dir - straight line, f/p - yak
Aim: a yak (heavily wounded)
The blast of sand hits the yak.
The yak is heavily wounded.
b - 19 stones The yak gores you.
Casting: Sandblast
Confirm with . or Enter, or press ? or * to list all spells.
Aiming: Sandblast
Press: ? - help, Shift-Dir - straight line, f/p - yak
Aim: a yak (heavily wounded)
The blast of sand hits the yak.
The yak is heavily wounded.
b - 18 stones The yak gores you!
* * * LOW HITPOINT WARNING * * *
Casting: Sandblast
Confirm with . or Enter, or press ? or * to list all spells.
Aiming: Sandblast
Press: ? - help, Shift-Dir - straight line, f/p - yak
Aim: a yak (heavily wounded)
The blast of sand hits the yak.
The yak is severely wounded.
b - 17 stones The yak gores you!
* * * LOW HITPOINT WARNING * * *
Really quaff
e - a potion of curing {!q}?
You feel better. The yak completely misses you.
Really quaff
h - 2 potions of magic {!q}?
Okay, then.
Really quaff
g - a potion of haste {!q}?
You feel yourself speed up. The yak gores you!
* * * LOW HITPOINT WARNING * * *
The yak gores you!
Ouch! That really hurt!
You die...

##########
#<.#.)'..#
#..[..#..+
#..#### #
#..####
#..#__####
#..#_____##
#⌠⌠#_.∩...+
####@..__#
#..#_Y___#
##########


You could see a yak.

Vanquished Creatures
  An ogre (D)
  Ijyb (D)
2 creatures vanquished.

Notes
Turn   | Place    | Note
-------+----------+-------------------------------------------
     0 | D        | Amnesiac the Demonspawn Earth Elementalist began the quest for the Orb.
     0 | D        | Reached XP level 1. HP: 13/13 MP: 3/3
     1 | D        | Noticed Ijyb
    16 | D        | Killed Ijyb
    16 | D        | Reached skill level 4 in Earth Magic
    16 | D        | Gained mutation: You are partially covered in slimy green scales. (AC +2) [demonic ancestry]
    16 | D        | Reached XP level 2. HP: 19/19 MP: 3/6
    83 | D        | Noticed an ogre
    86 | D        | Killed an ogre
    86 | D        | Reached skill level 6 in Earth Magic
    86 | D        | Gained mutation: You are immune to rotting. [demonic ancestry]
    86 | D        | Reached XP level 3. HP: 24/24 MP: 3/9
    86 | D        | Reached XP level 4. HP: 30/30 MP: 3/10
    91 | D        | Learned a level 2 spell: Passwall
    96 | D        | Learned a level 4 spell: Petrify
   195 | D        | Found a shadowy altar of Dithmenos.
   195 | D        | Found a sacrificial altar of Ru.
   195 | D        | Found a snail-covered altar of Cheibriados.
   195 | D        | Found an opulent altar of Gozag.
   195 | D        | Found a sparkling altar of Nemelex Xobeh.
   195 | D        | Found a basalt altar of Yredelemnul.
   195 | D        | Found a hide-covered altar of Uskayaw.
   195 | D        | Found a hazy altar of Hepliaklqana.
   195 | D        | Found an ancient bone altar of Kikubaaqudgha.
   195 | D        | Found Asyossoca's Book Emporium.
   195 | D        | Found a glowing golden altar of the Shining One.
   195 | D        | Found an iron altar of Okawaru.
   195 | D        | Found a bloodstained altar of Trog.
   195 | D        | Found a blossoming altar of Fedhas.
   195 | D        | Found a stormy altar of Qazlal.
   195 | D        | Found a white marble altar of Elyvilon.
   195 | D        | Found a glowing silver altar of Zin.
   195 | D        | Noticed a yak
   195 | D        | Became a worshipper of Dithmenos the Shadowed
   208 | D        | HP: 1/30 [yak (11)]
   209 | D        | Demolished by a yak

Vault maps used:
D:        dungeon_sprint_1

Skill      XL: |  1  2 |
---------------+-------+-----
Stealth        | 3 4 |  4.8
Spellcasting   | 3 4 |  4.5
Earth Magic    | 4 6 |  6.5
Dodging        | |  1.7
Transmutations | |  0.8

Action                   |  1- 3 |  4- 6 || total
-------------------------+-------+-------++-------
Melee: Unarmed           |    13 |       ||    13
 Cast: Sandblast         |     3 |    10 ||    13
       Passwall          |       |     3 ||     3
  Use: Potion            |     1 |     3 ||     4
Armor: Robe              |       |     2 ||     2
Dodge: Dodged            |     5 |     2 ||     7

Table legend:
 A = Spawn XP
 B = Non-spawn XP
 C = Spawn XP percentage of total XP
 D = Spawn monster count
 E = Non-spawn monster count
 F = Spawn count percentage of total count
 G = Total turns spent on level
                    A         B        C        D         E        F      G
               +---------+---------+-------+---------+---------+-------+---------
         Total |       0 |     153 |   0.0 |       0 |       2 |   0.0 |   209
               +---------+---------+-------+---------+---------+-------+---------
             D |       0 |     153 |   0.0 |       0 |       2 |   0.0 |   209
               +---------+---------+-------+---------+---------+-------+---------
